 Dungeon Crawl Stone Soup version 0.18-a0-1611-g00361b8 (webtiles) character file.

142 Engwar the Insei (level 5, -3/29 HPs)
             Began as a Vine Stalker Monk on Mar 22, 2016.
             Slain by Engwar's ghost (4 damage)
             ... on level 3 of the Dungeon.
             The game lasted 00:05:16 (2015 turns).

Engwar the Insei (Vine Stalker Monk)                Turns: 2015, Time: 00:05:17

Health: -3/29      AC:  9    Str: 14    XL:     5   Next: 24%
Magic:  0/6        EV: 13    Int: 10    God:
Gold:   74         SH:  0    Dex: 17    Spells: 0 memorised, 4 levels left

rFire  . . .     SeeInvis .       - Unarmed
rCold  . . .     Gourm    .     a - +0 robe
rNeg   . . .     Faith    .     (no shield)
rPois  .         Spirit   +     e - +0 helmet
rElec  .         Dismiss  .     (no cloak)
rCorr  .         Reflect  .     n - +1 pair of gloves
SustAt .         Harm     .     (no boots)
MR     .....                    (no amulet)
Stlth  ++........               (no ring)
                                d - +4 ring of protection

@: slowed, very slow, not resistant to hostile enchantments, unstealthy
A: fangs 2, regeneration 1, robust 1, magic shield, antimagic bite, no device
heal 3, rot immunity
a: no special abilities


You were on level 3 of the Dungeon.
You were not hungry.

You visited 1 branch of the dungeon, and saw 3 of its levels.

You collected 74 gold pieces.

Inventory:

Missiles
 j - 15 sling bullets
Armour
 a - a +0 robe (worn)
 e - a +0 helmet (worn)
 n - a +1 pair of gloves (worn)
Jewellery
 d - a +4 ring of protection (left hand)
Scrolls
 g - a scroll of remove curse
Potions
 c - 3 potions of curing
 f - a potion of ambrosia
 h - a potion of might {unknown}
 o - 2 potions of flight
Comestibles
 b - 2 bread rations
 k - a chunk of flesh
 m - a meat ration


   Skills:
 - Level 2.6 Fighting
 - Level 2.4 Dodging
 - Level 3.0 Stealth
 + Level 6.2 Unarmed Combat


You had 4 spell levels left.
You didn't know any spells.

Dungeon Overview and Level Annotations

Branches:
Dungeon (3/15)

Altars:
Fedhas
Vehumet

Annotations:
D:3 Engwar's ghost, amateur VSMo; Natasha


Innate Abilities, Weirdness & Mutations

You have extremely sharp teeth.
Your natural rate of healing is unusually fast.
When hurt, damage is shared between your health and your magic reserves.
Your bite disrupts and absorbs the magic of your enemies.
Potions and wands cannot restore your health.
You are immune to rotting.
You are robust (+10% HP).


Message History

Engwar's ghost (amateur Vine Stalker Monk) comes into view.
Engwar's ghost turns its malevolent gaze towards you.
The white imp gestures at you. The puff of frost hits you!
The giant cockroach bites you but does no damage.
The white imp gestures at you. The puff of frost hits you!
* * * LOW HITPOINT WARNING * * *
Drink which item? (? for menu, Esc to quit)
You have no ailments to cure.
The giant cockroach bites you but does no damage.
The giant cockroach completely misses you.
The white imp barely misses you.
The giant cockroach bites you but does no damage.
Engwar's ghost hits you but does no damage.
The giant cockroach waves its antennae.
Engwar's ghost hits you.
* * * LOW HITPOINT WARNING * * *
The giant cockroach misses you. Engwar's ghost hits you.
You die...

..##.## #.....#
#.)...# #####.#
####..# ##.#
#....# #..#
#.##.########.###
#.# [.#.........#
... ...........#
... #≈#.........#
## ≈≈##≈...#@###
≈#≈≈#...Ws#
≈≈≈≈#≈...h# ≈
#≈≈..###
≈≈≈≈≈#..#
≈#≈≈##..# ≈≈
#...# #...#
#...%##


You could see Natasha, Engwar's ghost and a giant cockroach.

Vanquished Creatures
  An orc wizard (D:3)
  4 adders (D:2)
  An ooze (D:1)
  A worm (D:2)
  A dart slug (D:1)
  3 giant geckos
  2 orcs (D:3)
  8 bats
  11 goblins
  4 hobgoblins
  6 jackals
  5 kobolds
  2 quokkas (D:2)
  8 giant newts
  5 rats
62 creatures vanquished.

Notes
Turn   | Place    | Note
--------------------------------------------------------------
     0 | D:1      | Engwar the Vine Stalker Monk began the quest for the Orb.
     0 | D:1      | Reached XP level 1. HP: 11/11 MP: 2/2
   155 | D:1      | Reached XP level 2. HP: 16/16 MP: 3/3
   299 | D:1      | Reached XP level 3. HP: 19/19 MP: 4/4
   807 | D:2      | Reached skill level 5 in Unarmed Combat
  1080 | D:2      | Reached XP level 4. HP: 23/23 MP: 5/5
  1106 | D:2      | Found a blossoming altar of Fedhas.
  1180 | D:2      | Found a radiant altar of Vehumet.
  1782 | D:3      | Reached skill level 6 in Unarmed Combat
  1782 | D:3      | Reached XP level 5. HP: 27/27 MP: 6/6
  1828 | D:3      | Gained mutation: Your mind is acute. (Int +2) [potion of mutation]
  1828 | D:3      | Lost mutation: Your mind is acute. (Int +2) [potion of mutation]
  1828 | D:3      | Gained mutation: You are robust (+10% HP). [potion of mutation]
  2000 | D:3      | Noticed Natasha
  2010 | D:3      | Noticed Engwar's ghost (amateur VSMo)
  2015 | D:3      | HP: 1/29 [Engwar's ghost (5)]
  2015 | D:3      | Slain by Engwar's ghost

Vault maps used:
D:1:      sevenhm_arrival_forest_fort_large_4
D:2:      lemuel_round_altar, fedhas_altar_3, grunt_ministairs_7,
          kennysheep_generic_room_12
D:3:      zin_scriptorium, minivault_4, hex_tiny, uniq_natasha

Skill      XL: |  1  2  3  4 |
---------------+-------------+-----
Unarmed Combat | 5 6 |  6.2
Stealth        | 3 |  3.0
Fighting       | |  2.6
Dodging        | |  2.4

Action                   |  1- 3 |  4- 6 || total
-------------------------+-------+-------++-------
Melee: Unarmed           |    98 |    86 ||   184
  Use: Potion            |       |     2 ||     2
       Scroll            |       |    10 ||    10
 Stab: Sleeping          |     5 |     6 ||    11
  Eat: Chunk             |     1 |     3 ||     4

Vault maps used:
D:1:      sevenhm_arrival_forest_fort_large_4
D:2:      lemuel_round_altar, fedhas_altar_3, grunt_ministairs_7,
          kennysheep_generic_room_12
D:3:      zin_scriptorium, minivault_4, hex_tiny, uniq_natasha
